 Dungeon Crawl Stone Soup version 0.17-a0-1910-g4c791fa (webtiles) character file.

117 masdan the Caller (level 4, -4/24 HPs)
             Began as a Deep Elf Summoner on Sept 13, 2015.
             Killed by divine providence
             ... invoked by an orc priest
              (12 damage)
             ... on level 3 of the Dungeon on Sept 25, 2015.
             The game lasted 00:18:31 (3096 turns).

masdan the Caller (Deep Elf Summoner)               Turns: 3096, Time: 00:18:32

Health: -4/24      AC:  5    Str:  5    XL:     4   Next: 71%
Magic:  1/13       EV: 13    Int: 21    God:
Gold:   162        SH:  0    Dex: 15    Spells: 4 memorised, 3 levels left

rFire  . . .     SeeInvis .     (no weapon)
rCold  . . .     Clarity  .     D - +0 robe
rNeg   . . .     SustAt   .     (no shield)
rPois  .         Gourm    .     (no helmet)
rElec  .         Spirit   .     (no cloak)
rCorr  .         Warding  .     (no gloves)
rMut   .         Stasis   .     r - +2 pair of boots
MR     .....                    u - amulet of regeneration
Stlth  ++........               n - +2 ring of slaying
                                f - +4 ring of slaying

@: not resistant to hostile enchantments, unstealthy
A: no striking features
a: no special abilities


You were on level 3 of the Dungeon.
You were not hungry.

You visited 1 branch of the dungeon, and saw 3 of its levels.

You collected 162 gold pieces.

Inventory:

Hand weapons
 e - a +0 dagger
 l - a +0 dagger
 m - a +0 whip of venom
 o - a +0 club
 q - a +0 rapier
 t - a +0 short sword
 y - a +0 hunting sling
 A - a +0 blowgun
 B - a +0 short sword
 C - a +2 dagger of venom
 F - a +0 dagger
 G - a +0 dagger
Missiles
 p - 7 curare-tipped needles
 z - 21 stones (quivered)
 H - 3 arrows of flame
Armour
 a - a +0 robe
 r - a +2 pair of boots (worn)
 D - a +0 robe (worn)
 E - a +0 leather armour
Jewellery
 f - a +4 ring of slaying (left hand)
 n - a +2 ring of slaying (right hand)
 u - an amulet of regeneration (around neck)
Scrolls
 i - 3 scrolls of noise {unknown}
 j - 2 scrolls of teleportation {unknown}
 k - a scroll of magic mapping {unknown}
 s - 5 scrolls of identify {unknown}
 v - a scroll of amnesia {unknown}
 w - a scroll of fear {unknown}
Potions
 d - 2 potions of heal wounds {unknown}
 g - a potion of lignification {unknown}
Books
 b - a book of Callings

   Spells                             Type                      Level
   a - Summon Small Mammal            Summoning                    1
   b - Call Imp                       Summoning                    2
   c - Call Canine Familiar           Summoning                    3
   d - Summon Guardian Golem          Hexes/Summoning              3
   e - Summon Lightning Spire         Summoning/Air                4
   f - Summon Ice Beast               Ice/Summoning                4
Comestibles
 c - a bread ration
 h - 3 meat rations


   Skills:
 + Level 2.8 Dodging
 - Level 2.5 Stealth
 - Level 5.1 Spellcasting
 - Level 5.4 Summonings
 * Level 0.2 Ice Magic


You had 3 spell levels left.
You knew the following spells:

 Your Spells              Type           Power        Failure   Level  Hunger
a - Summon Small Mammal   Summ           ####         1%          1    None
b - Call Imp              Summ           ####....     1%          2    None
c - Call Canine Familiar  Summ           ####....     3%          3    ##.....
d - Summon Ice Beast      Ice/Summ       ###.....     34%         4    ####...


Dungeon Overview and Level Annotations

Branches:
Dungeon (3/15)

Altars:
Ashenzari
Fedhas
Nemelex Xobeh
Trog
Zin

Annotations:
D:3 Ijyb


Message History

Ouch! That really hurt!
* * * LOW HITPOINT WARNING * * *
Casting: Call Canine Familiar
Confirm with . or Enter, or press ? or * to list all spells.
A beastly little devil appears in a puff of flame.
Your hound bites the orc priest.
The orc priest hits your hound with a club.
The orc wizard hits your hound but does no damage.
Your hound closely misses the orc wizard.
Casting: Call Imp
Confirm with . or Enter, or press ? or * to list all spells.
A beastly little devil appears in a puff of flame.
Your hound barely misses the orc wizard.
The orc priest closely misses your hound.
Ijyb the Twisted Goblin comes into view.
He is wielding a dagger.
Your hound bites the orc wizard but does no damage.
The orc priest invokes the aid of Beogh against you.
Something smites you!
Ouch! That really hurt!
You die...

#......... #.........
###############.........
#.......................
#####...............).......
...........................รท
..........................##
....oh....................#
.....o.o.5.@..............##
...g###..5.##...............
. #....##...............
#....##...............
#....##.............##
#....#########.......# #....#
#######.# #....# #.# #....#
#.#


You could see an orc priest, an orc wizard, an orc, a friendly hound and 2
friendly crimson imps.

Vanquished Creatures
  4 bats
4 creatures vanquished.

Vanquished Creatures (collateral kills)
  An orc wizard (D:3)
  3 gnolls (D:2)
  7 adders
  4 worms
  3 orcs (D:3)
  A ball python (D:3)
  5 bats
  3 giant cockroaches
  8 goblins
  8 hobgoblins
  3 jackals (D:1)
  5 kobolds
  2 quokkas
  2 giant geckos
  3 giant newts
  8 rats
66 creatures vanquished.

Grand Total: 70 creatures vanquished

Notes
Turn   | Place    | Note
--------------------------------------------------------------
     0 | D:1      | masdan the Deep Elf Summoner began the quest for the Orb.
     0 | D:1      | Reached XP level 1. HP: 10/10 MP: 6/6
   360 | D:1      | Upgraded the game from 0.17-a0-1805-g6093636 to 0.17-a0-1838-g891d947
   532 | D:1      | Reached XP level 2. HP: 9/15 MP: 5/8
  1074 | D:1      | Learned a level 2 spell: Call Imp
  1242 | D:2      | Found a blossoming altar of Fedhas.
  1377 | D:2      | Reached XP level 3. HP: 13/19 MP: 3/10
  1454 | D:2      | Reached skill level 5 in Summonings
  1749 | D:2      | Reached XP level 4. HP: 24/24 MP: 9/12
  1755 | D:2      | Learned a level 3 spell: Call Canine Familiar
  1760 | D:2      | Learned a level 4 spell: Summon Ice Beast
  2135 | D:2      | Found a shattered altar of Ashenzari.
  2137 | D:2      | Found a bloodstained altar of Trog.
  2138 | D:2      | Found a glowing silver altar of Zin.
  2138 | D:2      | Found a sparkling altar of Nemelex Xobeh.
  2635 | D:3      | Upgraded the game from 0.17-a0-1838-g891d947 to 0.17-a0-1910-g4c791fa
  2865 | D:3      | Reached skill level 5 in Spellcasting
  3096 | D:3      | Noticed Ijyb
  3096 | D:3      | Killed from afar by an orc priest

Vault maps used:
D:1:      roderic_octagonal_star, hangedman_feature_mirror,
          minmay_misc_feat_square
D:2:      lemuel_doored_altar, grunt_temple_overflow_open, first_bread
D:3:      wad_river_or_something, uniq_iyjb

Action                   |  1- 3 |  4- 6 || total
-------------------------+-------+-------++-------
Melee: Unarmed           |    13 |     7 ||    20
 Cast: Summon Small Mamm |    39 |       ||    39
       Call Imp          |    19 |    28 ||    47
       Call Canine Famil |       |     8 ||     8
  Eat: Chunk             |     1 |     2 ||     3
       Bread ration      |     1 |       ||     1
